 Dungeon Crawl Stone Soup version 0.27-a0-46-g34d46f0a3f (webtiles) character file.

Game seed: 1794206392775585779

4918 dolemite99 the Cleaver (level 10, -3/78 HPs)
             Began as a Hill Orc Monk on Jan 7, 2021.
             Was a Believer of Beogh.
             Slain by a skeletal warrior
             ... wielding a +0 morningstar
             ... led by a death knight
              (24 damage)
             ... on level 9 of the Dungeon.
             The game lasted 00:20:02 (12402 turns).

dolemite99 the Cleaver (Hill Orc Monk)             Turns: 12402, Time: 00:20:02

Health: -3/78      AC: 16    Str: 18    XL:     10   Next: 51%
Magic:  9/15       EV:  8    Int: 10    God:    Beogh [**....]
Gold:   442        SH:  7    Dex: 13    Spells: 9/9 levels left

rFire    + . .     SeeInvis .   a - +1 hand axe (elec)
rCold    . . .     Faith    .   w - +0 kite shield
rNeg     . . .     Spirit   .   D - +5 scale mail of Kidej {+Fly rF+ rCorr}
rPois    .         Reflect  .   h - +1 hat
rElec    .         Harm     .   (no cloak)
rCorr    +         Rampage  .   (no gloves)
Will     .....                  K - +1 pair of boots
Stlth    ..........             (no amulet)
HPRegen  0.23/turn              O - ring of resist corrosion
MPRegen  0.14/turn              (no ring)

@: no status effects
A: no striking features
a: Renounce Religion, Evoke Flight, Smiting


You were on level 9 of the Dungeon.
You worshipped Beogh.
Beogh was pleased with you.
You visited 1 branch of the dungeon, and saw 10 of its levels.

You collected 685 gold pieces.
You spent 243 gold pieces at shops.

Inventory:

Hand Weapons
 a - a +1 hand axe of electrocution (weapon)
 b - a +0 hunting sling
 d - a +0 flail of protection
 g - a +0 whip
 n - a -1 hand axe
 z - a +1 hand axe of freezing
 C - the +4 trident "Faskitefia" {drain, +Inv rC+ Int+6, unknown}
   (You found it on level 9 of the Dungeon)

   A truly terrible weapon, it drains the life of those it strikes.
   It affects your intelligence (+6).
   It protects you from cold.
   It lets you turn invisible.
 J - a +0 hand axe
 L - a +0 battleaxe
Missiles
 e - 204 stones
 l - 5 boomerangs
 p - 5 javelins (quivered)
 u - 48 sling bullets
 x - 16 poisoned darts
 F - 64 bolts
Armour
 h - a +1 hat (worn)
 w - a +0 kite shield (worn)
 D - the +5 scale mail of Kidej (worn) {+Fly rF+ rCorr}
   (You bought it in a shop on level 4 of the Dungeon)

   It protects you from fire.
   It lets you fly.
   It provides partial protection from all sources of acid and corrosion.
 K - a +1 pair of boots (worn)
Magical Staves
 G - an uncursed staff of air {unknown}
Jewellery
 r - an uncursed ring of magical power {unknown}
 t - an uncursed ring of protection from cold {unknown}
 O - a ring of resist corrosion (left hand)
Wands
 s - a wand of digging (4)
 N - a wand of iceblast (17)
Scrolls
 c - a scroll of magic mapping
 i - 9 scrolls of remove curse {@r2}
 o - 2 scrolls of enchant weapon
 y - 7 scrolls of teleportation
 B - 4 scrolls of amnesia
Potions
 f - 2 potions of ambrosia
 j - 2 potions of magic
 k - 3 potions of resistance
 m - a potion of haste
 q - a potion of brilliance
 v - 2 potions of curing
 A - a potion of heal wounds
 E - 2 potions of lignification
 H - a potion of mutation {unknown}
 I - a potion of attraction


   Skills:
 + Level 3.7 Fighting
 - Level 14.4 Axes
 - Level 9.4 Armour
 - Level 2.4 Dodging
 - Level 1.5 Stealth
 - Level 6.7 Invocations


You had 9 spell levels left.
You didn't know any spells.
Your spell library contained the following spells:

 Spells                   Type           Power        Failure   Level
 Beastly Appendage        Tmut           0%           100%        1
 Corona                   Hex            0%           100%        1
 Sting                    Tmut/Pois      0%           100%        1
 Ensorcelled Hibernation  Hex/Ice        0%           100%        2
 Poisonous Vapours        Pois/Air       0%           100%        2
 Slow                     Hex            0%           100%        2
 Wereblood                Tmut           0%           100%        2
 Confusing Touch          Hex            0%           100%        3
 Dazzling Flash           Conj/Hex       0%           100%        3
 Ignite Poison            Fire/Tmut/Pois 0%           100%        3
 Inner Flame              Hex/Fire       0%           100%        3
 Mephitic Cloud           Conj/Pois/Air  0%           100%        3
 Portal Projectile        Hex/Tloc       0%           100%        3
 Spider Form              Tmut/Pois      0%           100%        3
 Tukima's Dance           Hex            0%           100%        3
 Cause Fear               Hex            0%           100%        4
 Ice Form                 Ice/Tmut       0%           100%        4
 Leda's Liquefaction      Hex/Erth       0%           100%        4
 Olgreb's Toxic Radiance  Pois           0%           100%        4
 Blade Hands              Tmut           0%           100%        5


Dungeon Overview and Level Annotations

Branches:
Dungeon (10/15)            Temple (0/1) D:5
   Lair: D:8-11         Orc: D:9-12

Altars:
Dithmenos
Fedhas
Kikubaaqudgha
Nemelex Xobeh
Ru
Wu Jian

Shops:
D:4 [   D:6 (

Annotations:
D:10 Urug


Message History

You hit the skeletal warrior but do no damage.
The skeletal warrior is lightly damaged.
The skeletal warrior hits you with a +0 morningstar!
You hit the skeletal warrior but do no damage.
Lightning courses through the skeletal warrior!
The skeletal warrior is lightly damaged.
The skeletal warrior hits you with a +0 morningstar!
* * * LOW HITPOINT WARNING * * *
Aiming: Smiting
Press: ? - help, Dir - move target, f - skeletal warrior Smite: a skeletal warrior, wielding a +0 morningstar (lightly damaged)
You smite the skeletal warrior!
The skeletal warrior is heavily damaged.
Aiming: Smiting
Press: ? - help, Dir - move target, f/p - skeletal warrior Smite: a skeletal warrior, wielding a +0 morningstar (heavily damaged)
You smite the skeletal warrior!
The skeletal warrior is severely damaged.
The skeletal warrior hits you with a +0 morningstar!!
You die...

###)..# ##.[)### #.)### #
#######'###### # #............#
###### ... #............+ #.....
.. +............# +..... ..
#....z.......# #..... .
#...@........# #<.... .#
#<...........# #..... ###.#
##'########### ###### #...# #.##
#.### #..#### ..# ##....# # ###
#####.######## # ############
#............# ####
...........###............####...


You could see a skeletal warrior.

Vanquished Creatures
  A death knight (D:9)
  A skeletal warrior (D:9)
  A freezing wraith (D:9)
  A wraith (D:10)
  Eustachio (D:4)
  An eye of draining (D:7)
  An orc warrior (D:9)
  3 ice beasts
  3 phantoms (D:4)
  An ogre (D:6)
  4 centaurs
  6 bullfrogs
  2 gnoll sergeants
  2 scorpions
  3 wights (D:9)
  A howler monkey (D:6)
  A centaur zombie (D:8)
  9 hounds
  5 orc priests
  4 jellies
  A bullfrog skeleton (D:6)
  6 orc wizards
  2 iguanas
  6 worker ants
  2 hound zombies (D:8)
  A hound skeleton (D:6)
  A worker ant zombie (D:8)
  8 gnolls
  15 adders
  5 shadow imps
  A white imp (D:7)
  2 ufetubi (D:8)
  2 adder skeletons
  2 worms
  3 dart slugs
  7 leopard geckos
  15 orcs
  4 bats
  4 giant cockroaches
  8 goblins
  4 hobgoblins
  15 jackals
  6 quokkas
  6 frilled lizards
  A jackal zombie (D:5)
  4 kobolds
  A quokka zombie (D:6)
  4 rats
187 creatures vanquished.

Vanquished Creatures (others)
  Sigmund (D:5)
  An orc priest (D:4)
  An orc wizard (D:4)
  6 orcs (D:4)
  A ball python (D:4)
10 creatures vanquished.

Grand Total: 197 creatures vanquished

Notes
Turn   | Place    | Note
-------+----------+-------------------------------------------
     0 | D:1      | dolemite99 the Hill Orc Monk began the quest for the Orb.
     0 | D:1      | Reached XP level 1. HP: 19/19 MP: 1/1
   156 | D:1      | Reached XP level 2. HP: 11/26 MP: 2/2
   919 | D:1      | Reached skill level 5 in Axes
  1181 | D:2      | Reached XP level 3. HP: 5/31 MP: 3/3
  2024 | D:2      | Reached skill level 6 in Axes
  2393 | D:2      | Reached XP level 4. HP: 33/39 MP: 4/4
  3729 | D:3      | Reached skill level 7 in Axes
  4111 | D:3      | Found a faded altar of an unknown god.
  4152 | D:3      | Reached XP level 5. HP: 41/45 MP: 5/5
  4684 | D:4      | Noticed a phantom
  4699 | D:4      | Killed a phantom
  4700 | D:4      | Reached skill level 8 in Axes
  4786 | D:4      | Found Luikleif's Antique Armour Shoppe.
  4797 | D:4      | Bought a shimmering scale mail for 243 gold pieces
  4807 | D:4      | Identified the +5 scale mail of Kidej {+Fly rF+ rCorr} (You
                  | bought it in a shop on level 4 of the Dungeon)
  4845 | D:4      | Reached XP level 6. HP: 47/51 MP: 6/6
  4875 | D:4      | Became a worshipper of Beogh the Brigand
  4875 | D:4      | Reached * piety under Beogh
  4875 | D:4      | Reached ** piety under Beogh
  5015 | D:4      | Reached skill level 9 in Axes
  5441 | D:4      | Noticed Eustachio
  5476 | D:5      | Entered Level 5 of the Dungeon
  5779 | D:5      | Found a staircase to the Ecumenical Temple.
  5799 | D:5      | Noticed an ice beast
  5804 | D:5      | Noticed Sigmund
  5908 | D:2      | Killed an ice beast
  6158 | D:4      | Reached XP level 7. HP: 57/57 MP: 9/9
  6581 | D:4      | Killed Eustachio
  6582 | D:4      | Reached skill level 5 in Invocations
  7468 | D:5      | Reached XP level 8. HP: 60/64 MP: 13/13
  7474 | D:5      | Reached skill level 10 in Axes
  7634 | D:5      | Found an ornate altar of the Wu Jian Council.
  7850 | D:5      | Killed Sigmund
  7929 | D:6      | Reached skill level 11 in Axes
  8321 | D:6      | Reached skill level 12 in Axes
  8326 | D:6      | Found a shadowy altar of Dithmenos.
  8326 | D:6      | Found a sparkling altar of Nemelex Xobeh.
  8614 | D:6      | Reached XP level 9. HP: 57/70 MP: 14/14
  8727 | D:6      | Found a sacrificial altar of Ru.
  8852 | D:6      | Found Kicungeu's Antique Weapon Emporium.
  9029 | D:6      | Reached skill level 13 in Axes
 10167 | D:7      | Found an ancient bone altar of Kikubaaqudgha.
 10169 | D:7      | Found a blossoming altar of Fedhas.
 10236 | D:8      | Reached skill level 14 in Axes
 10522 | D:8      | Reached skill level 1 in Armour
 11660 | D:9      | Noticed a freezing wraith
 11660 | D:9      | Noticed a skeletal warrior
 11662 | D:9      | Noticed a death knight
 11681 | D:9      | Noticed a skeletal warrior
 11681 | D:9      | Killed a freezing wraith
 11682 | D:9      | Reached skill level 5 in Armour
 11687 | D:9      | Killed a skeletal warrior
 11688 | D:9      | Reached XP level 10. HP: 59/78 MP: 0/15
 11708 | D:9      | Killed a death knight
 11712 | D:10     | Entered Level 10 of the Dungeon
 11931 | D:10     | Noticed Urug
 12103 | D:9      | Got a brightly glowing trident
 12402 | D:9      | Slain by a skeletal warrior

Illustrated notes

Levels and vault maps discovered:
D:1:      heliophobic_arrival_battle_scene, layout_loops_cross
D:2:      layout_basic, minmay_misc_feat_five
D:3:      layout_basic, chequers_ecumenical_altar_island
D:4:      layout_basic, serial_shops, shop, uniq_eustachio
D:5:      lemuel_ice_spiral_2, layout_rooms, old_standard_altar,
          minmay_temple_entry_offerings, uniq_sigmund
D:6:      layout_cave_pools, lemuel_round_altar,
          amethyst_overflow_temple_binary, kennysheep_small_square
D:7:      minmay_chambers_of_sixes, layout_gridville,
          grunt_temple_overflow_growth_and_decay, chequers_serial_rivers_marsh
D:8:      layout_gridville
D:9:      layout_roguey, kennysheep_generic_room_16
D:10:     layout_basic, orc_0_dummy, uniq_josephine, uniq_urug, uniq_erolcha

Skill      XL: |  1  2  3  4  5  6  7  8  9 10 |
---------------+-------------------------------+-----
Axes           | 5 6 7 8 9 12 14 | 14.4
Invocations    | 3 6 |  6.7
Armour         | 7 9 |  9.4
Fighting       | |  3.7
Dodging        | |  2.4
Stealth        | |  1.5

Action                   |  1- 3 |  4- 6 |  7- 9 | 10-12 || total
-------------------------+-------+-------+-------+-------++-------
Melee: Hand axe          |   109 |   152 |   400 |    80 ||   741
 Fire: Hunting sling     |       |    65 |       |       ||    65
Throw: Stone             |     5 |     5 |    37 |       ||    47
       Dart              |       |     6 |    11 |       ||    17
       Javelin           |       |       |    22 |     5 ||    27
Invok: Convert to Beogh  |       |     1 |       |       ||     1
       Smiting           |       |       |    12 |     6 ||    18
 Abil: Evoke Flight      |       |       |     1 |       ||     1
Evoke: Wand              |       |       |       |     1 ||     1
  Use: Potion            |     2 |     2 |     3 |     4 ||    11
       Scroll            |     1 |     2 |    16 |     1 ||    20
 Stab: Sleeping          |     1 |       |       |       ||     1
       Invisible         |       |       |     4 |     1 ||     5
Armor: Robe              |     1 |       |       |       ||     1
       Scale mail        |    47 |    96 |   174 |    21 ||   338
       Chain mail        |       |     9 |       |       ||     9
Dodge: Dodged            |    48 |    72 |   107 |    17 ||   244
Block: Buckler           |     4 |     4 |       |       ||     8
       Kite shield       |       |    66 |   135 |    16 ||   217

Table legend: (Time is in decaauts)
 A = Elapsed time spent in this place.
 B = Non-inter-level travel time spent in this place.
 C = Inter-level travel time spent in this place.
 D = Time resting spent in this place.
 E = Time spent auto-exploring this place.
 F = Levels seen in this place.
 G = Mean time per level.
                   A        B        C        D        E       F      G
               +--------+--------+--------+--------+--------+-----+--------+
         Total |  12311 |  11853 |    458 |   4077 |   5134 |  10 | 1231.1 |
       Dungeon |  12311 |  11853 |    458 |   4077 |   5134 |  10 | 1231.1 |
               +--------+--------+--------+--------+--------+-----+--------+

Top non-repeatable levels by time:
     D:2: 2170 daAuts
     D:3: 2078 daAuts
     D:4: 1839 daAuts
     D:6: 1172 daAuts
     D:7: 1126 daAuts
     D:1: 1033 daAuts
     D:8: 1023 daAuts
     D:9: 868 daAuts
     D:5: 797 daAuts
    D:10: 201 daAuts
